[Event "WJCC U20 Girls 2019"]
[Site "New Delhi"]
[Date "2019.10.16"]
[Round "2.38"]
[White "Cosme Contreras, Trilce"]
[Black "Jayaweera, Sayuni Gihansa"]
[Result "1-0"]
[ECO "D85"]
[WhiteElo "2027"]
[BlackElo "1788"]
[Annotator "NA"]
[PlyCount "111"]
[EventDate "2019.10.15"]
[EventType "swiss"]
[EventCountry "IND"]
[SourceTitle "playchess.com"]
[Source "ChessBase"]
[SourceQuality "1"]
[TimeControl "40/5400+30:1800+30"]

1. d4 Nf6 2. c4 g6 3. Nc3 d5 4. cxd5 Nxd5 5. e4 Nxc3 6. bxc3 Bg7 7. Nf3 c5 8. Rb1 cxd4 9. cxd4 Qa5+ 10. Bd2 Qxa2 11. Be2 b6 12. O-O O-O 13. Qc1 Bb7 14. Bc4 Qa4 15. Bb5 Qa2 16. Re1 Rc8 17. Qd1 Rc2 18. Ra1 Qb2 19. Ba4 Rc8 20. Rb1 Qa2 21. Bb3 Qa6 22. Ng5 Rf8 23. Bxf7+ Kh8 24. Qb3 Nc6 25. Bc4 b5 26. Bxb5 Qb6 27. Nf7+ Rxf7 28. Qxf7 Rf8 29. Bxc6 Qxd4 30. Be3 Qd6 31. Qxf8+ Bxf8 32. Bxb7 a5 33. Red1 Qc7 34. Bb6 Qf4 35. Bxa5 h5 36. g3 Qe5 37. Rd5 Qe6 38. Rd8 Qf6 39. Rc1 Kh7 40. Bc3 Qf3 41. Be5 h4 42. gxh4 Bg7 43. Bg3 Kh6 44. Rd7 Kh5 45. Rxe7 Bh6 46. Rc5+ g5 47. hxg5 Bf8 48. Rh7+ Kg6 49. Rcc7 Kxg5 50. Rcf7 Qd1+ 51. Kg2 Bh6 52. Bc8 Kg6 53. Bf5+ Kg5 54. h4+ Kh5 55. Rxh6+ Kxh6 56. Rh7# 1-0

[Event "WJCC U20 Girls 2019"]
[Site "New Delhi"]
[Date "2019.10.16"]
[Round "2.39"]
[White "Dahampriya, H K T Dewnethmie"]
[Black "Chandreyee, Hajra"]
[Result "1/2-1/2"]
[ECO "B15"]
[WhiteElo "1629"]
[BlackElo "2024"]
[Annotator "NA"]
[PlyCount "97"]
[EventDate "2019.10.15"]
[EventType "swiss"]
[EventCountry "IND"]
[SourceTitle "playchess.com"]
[Source "ChessBase"]
[SourceQuality "1"]
[TimeControl "40/5400+30:1800+30"]

1. e4 c6 2. d4 d5 3. Nc3 dxe4 4. Nxe4 Nf6 5. Nxf6+ exf6 6. h3 Bd6 7. Nf3 O-O 8. Be2 Re8 9. O-O Nd7 10. c4 Nf8 11. Bd3 $11 Ng6 12. Qc2 Bc7 13. Bd2 Be6 14. Bf5 Qd7 15. Bxe6 fxe6 16. Rad1 Rad8 17. Rfe1 Qf7 18. Be3 Ne7 19. Qc1 Ng6 20. Qc2 a6 21. b3 Rd7 22. Re2 Red8 23. Rde1 Ba5 24. Bd2 Bxd2 25. Rxd2 e5 26. dxe5 Rxd2 27. Nxd2 Nxe5 28. Nf1 Qd7 29. Ne3 Re8 30. Rd1 Qf7 31. Rd6 Qg6 32. Qxg6 Nxg6 33. Rd7 Re7 34. Rxe7 Nxe7 35. Kf1 Kf7 36. Ke2 Ke6 37. f4 c5 38. Kd3 f5 39. g4 g6 40. g5 Nc6 41. Nc2 Nd8 42. Ne1 Nf7 43. Nf3 Nd6 44. Nd2 Ne8 45. Nf1 Nd6 46. Nd2 Ne8 47. Nf1 Nd6 48. Nd2 Ne8 49. Nf1 {[%emt 0:00:04] Ke5 Ke4+} 1/2-1/2

[Event "WJCC U20 Girls 2019"]
[Site "New Delhi"]
[Date "2019.10.16"]
[Round "2.40"]
[White "Mirza, Diana"]
[Black "Shivika Rohilla"]
[Result "1/2-1/2"]
[ECO "C47"]
[WhiteElo "1986"]
[BlackElo "1721"]
[Annotator "NA RC"]
[PlyCount "117"]
[EventDate "2019.10.15"]
[EventType "swiss"]
[EventCountry "IND"]
[SourceTitle "playchess.com"]
[Source "ChessBase"]
[SourceQuality "1"]
[TimeControl "40/5400+30:1800+30"]

1. e4 e5 2. Nf3 Nc6 3. Nc3 Nf6 4. g3 Be7 5. Bg2 O-O 6. O-O d6 7. d3 Be6 {[%emt 0:19:57] C47: Scotch Four Knights and Four Knights with 4 g3} 8. h3 h6 9. d4 exd4 10. Nxd4 Nxd4 11. Qxd4 Qc8 (11... Nd7 12. Nd5 Bxd5 13. Qxd5 c6 14. Qd1 f5 15. exf5 Rxf5 {1-0 (60) Schwabeneder,F (2455)-Kriebel,T (2517) Germany 2018}) 12. Kh2 Nd7 $146 ({Predecessor:} 12... c6) 13. Nd5 Bxd5 14. exd5 Bf6 15. Qg4 Ne5 16. Qh5 Nc4 17. Rb1 Re8 18. b3 Nb6 19. c4 Re5 20. Qf3 Nd7 21. Be3 Re7 22. Rfc1 b6 23. b4 Rb8 24. Qg4 Ne5 25. Qxc8+ Rxc8 26. c5 dxc5 27. bxc5 Nd3 28. Rc4 Nxc5 29. Bxc5 bxc5 30. Rxc5 Bd4 31. Rc2 Rce8 32. Bf1 Re1 33. Rxe1 Rxe1 34. Bd3 Bb6 35. d6 Re8 36. Bb5 Rd8 37. d7 g6 38. Bc6 Bd4 39. Rc4 Bf6 40. Ra4 Kf8 41. Rxa7 Be5 42. f4 Bd6 43. a4 Ke7 $18 44. a5 Bb4 45. Ra6 Bc5 46. Kg2 h5 47. Kf3 Rb8 48. Ba4 Bg1 49. g4 hxg4+ 50. Kxg4 Be3 51. Kf3 Bxf4 52. Bc6 Bd6 53. Ra7 Bc5 54. Rxc7 Kd8 55. Rb7 Rxb7 56. Bxb7 Kxd7 57. Kf4 f6 58. h4 g5+ 59. Ke4 1/2-1/2

[Event "WJCC U20 Girls 2019"]
[Site "New Delhi"]
[Date "2019.10.16"]
[Round "2.41"]
[White "Du Plessis, Anika"]
[Black "Vlkova, Anezka"]
[Result "0-1"]
[ECO "C05"]
[WhiteElo "1594"]
[BlackElo "1972"]
[Annotator "NA"]
[PlyCount "88"]
[EventDate "2019.10.15"]
[EventType "swiss"]
[EventCountry "IND"]
[SourceTitle "playchess.com"]
[Source "ChessBase"]
[SourceQuality "1"]
[TimeControl "40/5400+30:1800+30"]

1. e4 e6 2. d4 d5 3. Nd2 Nf6 4. exd5 exd5 5. Bd3 c5 6. Ngf3 c4 7. Be2 Nc6 8. O-O Bd6 9. Re1 O-O 10. Nf1 h6 11. Bd2 Bf5 12. Qc1 b5 13. Ng3 Bh7 14. a3 Re8 15. c3 Qc7 16. Bxh6 Bxg3 17. hxg3 gxh6 18. Qxh6 Ne4 19. Ng5 Bg6 20. Bh5 Qd6 21. Nxe4 dxe4 22. Re3 Re6 23. Qg5 a6 24. Bg4 Ree8 25. Rae1 Qd8 26. Qh6 Ne7 27. f3 Nd5 28. R3e2 e3 29. f4 Bd3 30. Bf3 Bxe2 31. Rxe2 Ra7 32. f5 Qf6 33. Qh3 Rd7 34. Qg4+ Qg7 35. Qh3 Rd6 36. Bxd5 Rxd5 37. g4 Qg5 38. Qf3 Rd6 39. g3 a5 40. Kg2 b4 41. axb4 axb4 42. Qf4 Qxf4 43. gxf4 bxc3 44. bxc3 Rb6 0-1

[Event "WJCC U20 Girls 2019"]
[Site "New Delhi"]
[Date "2019.10.16"]
[Round "2.42"]
[White "Reid, Caitlin"]
[Black "Pandey Srishti"]
[Result "0-1"]
[ECO "B30"]
[WhiteElo "1489"]
[BlackElo "1963"]
[Annotator "NA"]
[PlyCount "52"]
[EventDate "2019.10.15"]
[EventType "swiss"]
[EventCountry "IND"]
[SourceTitle "playchess.com"]
[Source "ChessBase"]
[SourceQuality "1"]
[TimeControl "40/5400+30:1800+30"]

1. e4 c5 2. Nf3 Nc6 3. c3 d5 4. e5 Bg4 5. d4 e6 6. Be3 cxd4 7. cxd4 Bb4+ 8. Nc3 Qa5 9. Qb3 Nge7 10. a3 Nf5 11. Rd1 Bxc3+ 12. bxc3 O-O 13. Be2 Rac8 14. O-O Nxe3 15. fxe3 Ne7 16. c4 dxc4 17. Bxc4 Nd5 18. Rde1 Bxf3 19. gxf3 Rc6 20. Re2 Rfc8 21. Bxd5 exd5 22. Qxb7 Qxa3 23. f4 Qd3 24. Ref2 Rg6+ 25. Kh1 Qe4+ 26. Rf3 Qxf3+ 0-1

[Event "WJCC U20 Girls 2019"]
[Site "New Delhi"]
[Date "2019.10.16"]
[Round "2.43"]
[White "Meghna, C H"]
[Black "Lohani, Sujana"]
[Result "1-0"]
[ECO "B06"]
[WhiteElo "1956"]
[BlackElo "1671"]
[Annotator "NA"]
[PlyCount "60"]
[EventDate "2019.10.15"]
[EventType "swiss"]
[EventCountry "IND"]
[SourceTitle "playchess.com"]
[Source "ChessBase"]
[SourceQuality "1"]
[TimeControl "40/5400+30:1800+30"]

1. e4 g6 2. d4 Bg7 3. Nc3 d6 4. Be3 a6 5. Qd2 b5 6. f3 Nd7 7. O-O-O $14 c5 8. dxc5 b4 9. Nd5 dxc5 10. Bxc5 Qa5 11. Qxb4 Qxa2 12. Bc4 Qxb2+ 13. Qxb2 Bxb2+ 14. Kxb2 Rb8+ 15. Kc1 Nxc5 16. Nc7+ Kf8 17. Rd8+ Kg7 18. e5 Nb7 19. Re8 Nc5 20. Ne2 e6 21. Rd1 Nd7 22. Rxd7 Bxd7 23. Rxb8 a5 24. Rb7 Bc6 25. Nxe6+ Kh6 26. Rxf7 Be8 27. Rf8 Bd7 28. Nc5 Bc6 29. Rxg8 Rxg8 30. Bxg8 Be8 1-0

[Event "WJCC U20 Girls 2019"]
[Site "New Delhi"]
[Date "2019.10.16"]
[Round "2.44"]
[White "Srimathi R"]
[Black "Rousseau, Christilla"]
[Result "1-0"]
[ECO "B19"]
[WhiteElo "1914"]
[BlackElo "1648"]
[Annotator "NA"]
[PlyCount "95"]
[EventDate "2019.10.15"]
[EventType "swiss"]
[EventCountry "IND"]
[SourceTitle "playchess.com"]
[Source "ChessBase"]
[SourceQuality "1"]
[TimeControl "40/5400+30:1800+30"]

1. e4 c6 2. d4 d5 3. Nc3 dxe4 4. Nxe4 Bf5 5. Ng3 Bg6 6. h4 h6 7. Nf3 Nd7 8. h5 Bh7 9. Bd3 Bxd3 10. Qxd3 e6 11. Bd2 Ngf6 12. O-O-O Be7 13. Ne4 Nxe4 14. Qxe4 Nf6 15. Qe2 Qd5 16. c4 Qe4 17. Qxe4 Nxe4 18. Be3 Rd8 19. g4 f5 20. gxf5 exf5 21. Ne5 f4 22. Bxf4 Nxf2 23. Ng6 Nxd1 24. Re1 Rd7 25. Nxh8 Nf2 26. Kc2 Kd8 27. Nf7+ Ke8 28. Nd6+ Kf8 29. Nf5 Bf6 30. Re2 Nh3 31. Be5 Kf7 32. Nd6+ Kf8 33. Bxf6 gxf6 34. Re8+ Kg7 35. Nf5+ Kf7 36. Re4 Ng5 37. Nxh6+ Kg7 38. Nf5+ Kh7 39. Re3 Rf7 40. d5 cxd5 41. cxd5 Rd7 42. d6 Rd8 43. Re7+ Kg8 44. d7 Kf8 45. h6 Nf7 46. h7 Nh8 47. Rg7 b6 48. Rg8+ 1-0

[Event "WJCC U20 Girls 2019"]
[Site "New Delhi"]
[Date "2019.10.16"]
[Round "2.45"]
[White "Yaakub, Nov Genevia Pslam"]
[Black "Onur, Cigdem"]
[Result "0-1"]
[ECO "B43"]
[WhiteElo "1316"]
[BlackElo "1913"]
[Annotator "NA"]
[PlyCount "100"]
[EventDate "2019.10.15"]
[EventType "swiss"]
[EventCountry "IND"]
[SourceTitle "playchess.com"]
[Source "ChessBase"]
[SourceQuality "1"]
[TimeControl "40/5400+30:1800+30"]

1. e4 c5 2. Nf3 e6 3. d4 cxd4 4. Nxd4 a6 5. Nc3 Qc7 6. Be3 Nf6 7. Bd3 Be7 8. O-O d6 9. Qf3 Nbd7 10. Qg3 O-O 11. Bh6 Ne8 12. Rae1 Ne5 13. Be3 Qd8 14. Nf3 Nxd3 15. cxd3 e5 16. d4 Nf6 17. dxe5 Nh5 18. exd6 Bf6 19. Nd5 Nxg3 20. Nxf6+ Qxf6 21. e5 Qe6 22. hxg3 Qxa2 23. Bd4 Bg4 24. Nd2 Qd5 25. Bc3 Rac8 26. Ne4 Qb5 27. f3 Bf5 28. g4 Bxe4 29. Rxe4 Rc4 30. Ree1 Qc5+ 31. Kh1 b5 32. b4 Qc6 33. Bd2 Qd5 34. Be3 Qxe5 35. Bc5 Rxc5 36. Rxe5 Rxe5 37. Ra1 Ra8 38. Rc1 Rd5 39. Rc6 Rd8 40. Rxa6 R5xd6 41. Ra5 Rb8 42. Ra1 Rd4 43. Rb1 Rc8 44. Kh2 g6 45. Kg3 Rcc4 46. Re1 Rxb4 47. Re8+ Kg7 48. Re5 Rb1 49. Re2 b4 50. Kf2 Rd6 0-1

[Event "WJCC U20 Girls 2019"]
[Site "New Delhi"]
[Date "2019.10.16"]
[Round "2.46"]
[White "Mungunzul, Bat-Erdene"]
[Black "Abdala Cancino, Patricia Anastas"]
[Result "1-0"]
[ECO "D32"]
[WhiteElo "1912"]
[BlackElo "1608"]
[Annotator "NA"]
[PlyCount "89"]
[EventDate "2019.10.15"]
[EventType "swiss"]
[EventCountry "IND"]
[SourceTitle "playchess.com"]
[Source "ChessBase"]
[SourceQuality "1"]
[TimeControl "40/5400+30:1800+30"]

1. d4 d5 2. c4 e6 3. Nc3 c5 4. Nf3 Nc6 5. e3 Nf6 6. Be2 Be7 7. O-O O-O 8. dxc5 Bxc5 9. a3 Bb6 10. b4 dxc4 11. Qxd8 Rxd8 12. Bxc4 Bc7 13. Nb5 Bb8 14. Bb2 a6 15. Nbd4 Nxd4 16. Bxd4 b5 17. Be2 Ba7 18. a4 Bxd4 19. Nxd4 bxa4 20. Bf3 Nd5 21. Rxa4 Bb7 22. Rfa1 Rab8 23. h3 Rd6 24. Rc1 Rb6 25. Rc4 g6 26. Kh2 Kg7 27. Kg3 Rd6 28. Ra5 Nb6 29. Rc7 Bxf3 30. Nxf3 Nd5 31. Ra7 Nxb4 32. Ng5 Rf8 33. Rc5 h6 34. Nf3 Nd3 35. Rcc7 Kf6 36. Nd2 Nxf2 37. Nc4 Nh1+ 38. Kh2 Rd1 39. Nb6 Rfd8 40. Rxf7+ Kg5 41. Rxa6 h5 42. Ra4 Rc1 43. h4+ Kh6 44. Raa7 g5 45. Rf6# 1-0

[Event "WJCC U20 Girls 2019"]
[Site "New Delhi"]
[Date "2019.10.16"]
[Round "2.47"]
[White "Ananya, Suresh"]
[Black "Djuric, Anja"]
[Result "1-0"]
[ECO "B18"]
[WhiteElo "1896"]
[BlackElo "1493"]
[Annotator "NA"]
[PlyCount "109"]
[EventDate "2019.10.15"]
[EventType "swiss"]
[EventCountry "IND"]
[SourceTitle "playchess.com"]
[Source "ChessBase"]
[SourceQuality "1"]
[TimeControl "40/5400+30:1800+30"]

1. e4 c6 2. d4 d5 3. Nd2 dxe4 4. Nxe4 Bf5 5. Ng3 Bg6 6. h3 h5 7. Nf3 e6 8. Bd3 Bxd3 9. Qxd3 Nf6 10. Bd2 Nbd7 11. O-O-O Qc7 12. Ne4 O-O-O 13. Neg5 Nc5 14. Qe2 Na4 15. Qc4 b5 16. Qb3 Bd6 17. g3 Ng4 18. Rhf1 Rhf8 19. c4 e5 20. c5 Be7 21. Nxf7 Rd5 22. N7xe5 Nxe5 23. Nxe5 Nxc5 24. Qe3 Ne6 25. Ng6 Rf6 26. Nxe7+ Qxe7 27. Qe4 Qd7 28. Be3 Rf8 29. Rd2 Re8 30. Qc2 Kb7 31. Rfd1 Rd8 32. Kb1 a6 33. Qc3 Rc8 34. Rd3 Kb6 35. f3 Kb7 36. Bf2 Qf7 37. Qe1 Qf5 38. Qe4 Rcd8 39. Re1 Nc7 40. Qxf5 Rxf5 41. Re7 g6 42. Rg7 Rf6 43. Be1 Kc8 44. Ba5 Rd7 45. Rxd7 Kxd7 46. Bxc7 Kxc7 47. Kc2 Kd6 48. Re3 Kd5 49. Kd3 a5 50. Re5+ Kd6 51. Ke4 Rf8 52. f4 Rg8 53. Kf3 a4 54. f5 g5 55. f6 1-0

[Event "WJCC U20 Girls 2019"]
[Site "New Delhi"]
[Date "2019.10.17"]
[Round "3.1"]
[White "Alinasab, Mobina"]
[Black "Berdnyk, Mariia"]
[Result "1-0"]
[ECO "B76"]
[WhiteElo "2239"]
[BlackElo "2349"]
[Annotator "ChessBase"]
[PlyCount "71"]
[EventDate "2019.10.15"]
[EventType "swiss"]
[EventCountry "IND"]
[SourceTitle "playchess.com"]
[Source "ChessBase"]
[SourceQuality "1"]
[TimeControl "40/5400+30:1800+30"]

1. e4 c5 2. Nf3 d6 3. d4 cxd4 4. Nxd4 Nf6 5. Nc3 g6 6. Be3 Bg7 7. f3 O-O 8. Qd2 Nc6 9. O-O-O d5 10. exd5 Nxd5 11. Nxc6 bxc6 12. Bd4 Bxd4 13. Qxd4 Qb6 14. Na4 Qa5 15. b3 Qc7 16. h4 e5 17. Qc5 Be6 18. h5 g5 19. Bc4 f6 20. Rhe1 Bf7 21. h6 Rad8 22. Bxd5 Bxd5 23. Rd2 Rd7 24. c4 Be6 25. Rxd7 Bxd7 26. Rd1 Be8 27. Nc3 Bg6 28. Nd5 Qf7 29. Ne7+ Kh8 30. Nxg6+ hxg6 31. Rd7 Qxd7 32. Qxf8+ Kh7 33. b4 f5 34. b5 c5 35. a4 e4 36. fxe4 1-0

[Event "WJCC U20 Girls 2019"]
[Site "New Delhi"]
[Date "2019.10.17"]
[Round "3.2"]
[White "Dordzhieva, Dinara"]
[Black "Priyanka Nutakki"]
[Result "0-1"]
[ECO "E06"]
[WhiteElo "2335"]
[BlackElo "2248"]
[Annotator "ChessBase"]
[PlyCount "82"]
[EventDate "2019.10.15"]
[EventType "swiss"]
[EventCountry "IND"]
[SourceTitle "playchess.com"]
[Source "ChessBase"]
[SourceQuality "1"]
[TimeControl "40/5400+30:1800+30"]

1. Nf3 d5 2. d4 Nf6 3. c4 e6 4. g3 Be7 5. Bg2 O-O 6. O-O dxc4 7. Ne5 Nc6 8. Nxc6 bxc6 9. Na3 Bxa3 10. bxa3 Ba6 11. Qd2 Rb8 12. Qa5 Rb6 13. a4 Qc8 14. Ba3 Rd8 15. Rab1 Qb7 16. Rbc1 Rd6 17. d5 Rxd5 18. Bb4 Rd4 19. Bc5 Rd7 20. Bxb6 cxb6 21. Qc3 Nd5 22. Qc2 h6 23. Rfd1 Qc7 24. a3 b5 25. Rb1 Qb6 26. e4 Nf6 27. Rxd7 Nxd7 28. axb5 cxb5 29. a4 b4 30. Qb2 c3 31. Qc2 Ne5 32. Rd1 Bd3 33. Rxd3 Nxd3 34. Qxd3 b3 35. e5 c2 36. Qc3 Qd8 37. Bf1 Qd1 38. Qxb3 c1=Q 39. Qb8+ Kh7 40. Qb5 Qcc2 41. a5 Qe1 0-1

[Event "WJCC U20 Girls 2019"]
[Site "New Delhi"]
[Date "2019.10.17"]
[Round "3.3"]
[White "Mrudul Dehankar"]
[Black "Rakshitta Ravi"]
[Result "1/2-1/2"]
[ECO "A45"]
[WhiteElo "2227"]
[BlackElo "2310"]
[Annotator "ChessBase"]
[PlyCount "67"]
[EventDate "2019.10.15"]
[EventType "swiss"]
[EventCountry "IND"]
[SourceTitle "playchess.com"]
[Source "ChessBase"]
[SourceQuality "1"]
[TimeControl "40/5400+30:1800+30"]

1. d4 Nf6 2. Bf4 g6 3. Nc3 d5 4. e3 Bg7 5. h4 c5 6. dxc5 Nc6 7. Bb5 O-O 8. Bxc6 bxc6 9. Be5 h5 10. Qd4 Bh6 11. Bf4 Bg7 12. Be5 Re8 13. Nf3 Bf8 14. Qa4 Bd7 15. Rd1 Qc8 16. e4 dxe4 17. Nxe4 Bg4 18. Neg5 Qf5 19. O-O Nd7 20. Bg3 Nxc5 21. Qc4 Ne6 22. Nd4 Nxd4 23. Rxd4 e5 24. Re4 Qd7 25. Rxe5 Bg7 26. Ree1 Qd5 27. Qxd5 cxd5 28. f3 Bf5 29. c3 d4 30. Rxe8+ Rxe8 31. Re1 Rd8 32. cxd4 Bxd4+ 33. Bf2 Bxb2 34. Re2 1/2-1/2

[Event "WJCC U20 Girls 2019"]
[Site "New Delhi"]
[Date "2019.10.17"]
[Round "3.4"]
[White "Cervantes Landeiro, Thalia"]
[Black "Altantuya, Boldbaatar"]
[Result "0-1"]
[ECO "A40"]
[WhiteElo "2176"]
[BlackElo "2277"]
[Annotator "ChessBase"]
[PlyCount "60"]
[EventDate "2019.10.15"]
[EventType "swiss"]
[EventCountry "IND"]
[SourceTitle "playchess.com"]
[Source "ChessBase"]
[SourceQuality "1"]
[TimeControl "40/5400+30:1800+30"]

1. d4 e6 2. c4 b6 3. e4 Bb7 4. Bd3 Nf6 5. Nc3 Bb4 6. f3 c5 7. a3 Bxc3+ 8. bxc3 d6 9. Bg5 Nbd7 10. f4 Qc7 11. Qe2 cxd4 12. cxd4 b5 13. Rc1 Qa5+ 14. Kf2 Qxa3 15. Nf3 bxc4 16. Bc2 Qa6 17. Ra1 Qc6 18. Bxf6 gxf6 19. Rhc1 Ke7 20. Nd2 Rhc8 21. Ba4 Qb6 22. Rxc4 Ba6 23. Rxc8 Bxe2 24. Rxa8 Qxd4+ 25. Kxe2 Qxa1 26. Rxa7 Kf8 27. Rxd7 Qxa4 28. Rxd6 f5 29. Ke3 Qa7+ 30. Kf3 Qa3+ 0-1

[Event "WJCC U20 Girls 2019"]
[Site "New Delhi"]
[Date "2019.10.17"]
[Round "3.5"]
[White "Arpita, Mukherjee"]
[Black "Avetisyan, Mariam"]
[Result "1-0"]
[ECO "C03"]
[WhiteElo "2271"]
[BlackElo "2110"]
[Annotator "ChessBase"]
[PlyCount "73"]
[EventDate "2019.10.15"]
[EventType "swiss"]
[EventCountry "IND"]
[SourceTitle "playchess.com"]
[Source "ChessBase"]
[SourceQuality "1"]
[TimeControl "40/5400+30:1800+30"]

1. e4 e6 2. d4 d5 3. Nd2 Be7 4. Ngf3 Nf6 5. e5 Nfd7 6. Bd3 c5 7. c3 Nc6 8. O-O a5 9. a4 cxd4 10. cxd4 Nb4 11. Bb5 O-O 12. Nb1 Nb6 13. Nc3 Bd7 14. Ne1 Rc8 15. f4 g6 16. Rf3 f6 17. exf6 Bxf6 18. Rh3 Nc6 19. Bxc6 bxc6 20. Rg3 Qc7 21. Qd3 c5 22. dxc5 Qxc5+ 23. Be3 d4 24. Ne4 dxe3 25. Nxc5 Rxc5 26. Qxe3 Rd5 27. Nf3 Bxb2 28. Rb1 Nxa4 29. Rg5 Rff5 30. Rxf5 gxf5 31. Qa7 Ba3 32. Qc7 h6 33. h3 Bb4 34. Ne5 Nc5 35. Qd8+ Kh7 36. Qe7+ Kh8 37. Qf6+ 1-0

[Event "WJCC U20 Girls 2019"]
[Site "New Delhi"]
[Date "2019.10.17"]
[Round "3.6"]
[White "Katkov, Michelle"]
[Black "Salimova, Nurgyul"]
[Result "1-0"]
[ECO "B08"]
[WhiteElo "2106"]
[BlackElo "2415"]
[Annotator "RC"]
[PlyCount "99"]
[EventDate "2019.10.15"]
[EventType "swiss"]
[EventCountry "IND"]
[SourceTitle "playchess.com"]
[Source "ChessBase"]
[SourceQuality "1"]
[TimeControl "40/5400+30:1800+30"]

1. e4 g6 2. d4 Bg7 3. Nf3 d6 4. Nc3 Nf6 5. Be2 O-O 6. O-O c6 7. a4 Bg4 8. h3 Bxf3 9. Bxf3 Nbd7 10. Be3 Qc7 11. Qd2 Rac8 12. Rfd1 c5 13. dxc5 Nxc5 14. b4 Ncd7 15. Nb5 Qxc2 16. Nxa7 Qxd2 17. Bxd2 Rc4 18. Rac1 Ne5 19. Rxc4 Nxc4 20. a5 Rb8 21. Bf4 Nb2 22. Rd2 Nd7 23. Be2 Ra8 24. Be3 f5 25. exf5 gxf5 26. f4 e5 27. Rxd6 Nf8 28. fxe5 Bxe5 29. Rd5 Bg7 30. Rxf5 Re8 31. Kf2 Ng6 32. Nb5 Ne5 33. Nd6 Re7 34. b5 Rd7 35. Ne4 Nec4 36. Bxc4+ Nxc4 37. a6 bxa6 38. bxa6 Rd8 39. Nc5 Re8 40. Bf4 Bd4+ 41. Kf3 Ra8 42. Ne6 Bb6 43. Bh6 Nd6 44. Rf8+ Rxf8+ 45. Bxf8 Nc8 46. Bc5 Bxc5 47. Nxc5 Kf7 48. Ke4 Ke7 49. Kd5 Na7 50. Ne4 1-0

[Event "WJCC U20 Girls 2019"]
[Site "New Delhi"]
[Date "2019.10.17"]
[Round "3.7"]
[White "Aakanksha Hagawane"]
[Black "Shuvalova, Polina"]
[Result "0-1"]
[ECO "C24"]
[WhiteElo "2181"]
[BlackElo "2412"]
[Annotator "ChessBase"]
[PlyCount "92"]
[EventDate "2019.10.15"]
[EventType "swiss"]
[EventCountry "IND"]
[SourceTitle "playchess.com"]
[Source "ChessBase"]
[SourceQuality "1"]
[TimeControl "40/5400+30:1800+30"]

1. e4 e5 2. Bc4 Nf6 3. d3 c6 4. Nf3 d5 5. Bb3 Bb4+ 6. Bd2 Bxd2+ 7. Qxd2 O-O 8. exd5 cxd5 9. Nxe5 a5 10. a4 Nc6 11. f4 Re8 12. O-O Nxe5 13. fxe5 Rxe5 14. Nc3 Bd7 15. Rae1 Rxe1 16. Qxe1 Bc6 17. Qf2 Qd6 18. Qf4 Qe7 19. Qd4 Rd8 20. Rf2 Qe1+ 21. Rf1 Qe7 22. Rf2 h6 23. Re2 Qd6 24. h3 Nd7 25. Ne4 Qc7 26. Nd2 Qb6 27. Nf3 Kf8 28. Rf2 Qxd4 29. Nxd4 Nc5 30. Nxc6 bxc6 31. d4 Ne4 32. Rf3 Rb8 33. Rd3 Rb4 34. g3 Ke7 35. Kg2 f5 36. h4 g5 37. hxg5 hxg5 38. Kf3 Kf6 39. Kg2 g4 40. Kg1 Kg5 41. Kf1 f4 42. gxf4+ Kxf4 43. Kg2 Rb8 44. Rd1 Ke3 45. Kg1 g3 46. Kg2 Rh8 0-1

[Event "WJCC U20 Girls 2019"]
[Site "New Delhi"]
[Date "2019.10.17"]
[Round "3.8"]
[White "Vaishali R"]
[Black "Sapale Saloni"]
[Result "1-0"]
[ECO "C10"]
[WhiteElo "2385"]
[BlackElo "2142"]
[Annotator "ChessBase"]
[PlyCount "52"]
[EventDate "2019.10.15"]
[EventType "swiss"]
[EventCountry "IND"]
[SourceTitle "playchess.com"]
[Source "ChessBase"]
[SourceQuality "1"]
[TimeControl "40/5400+30:1800+30"]

1. e4 e6 2. d4 d5 3. Nd2 dxe4 4. Nxe4 Bd7 5. Nf3 Bc6 6. Bd3 Nd7 7. O-O Ngf6 8. Ng3 Bxf3 9. Qxf3 c6 10. Re1 Be7 11. b3 O-O 12. Bb2 Re8 13. c4 Bf8 14. Rad1 Qb6 15. Ne4 Be7 16. Qh3 g6 17. Ng5 Bf8 18. Re3 Bg7 19. Qh4 Rad8 20. Rde1 Nf8 21. Bc2 N8d7 22. Bc3 Qc7 23. Rh3 Nf8 24. Qf4 Qe7 25. Qe3 Nh5 26. Rxh5 Qc7 1-0

[Event "WJCC U20 Girls 2019"]
[Site "New Delhi"]
[Date "2019.10.17"]
[Round "3.11"]
[White "Divya Deshmukh"]
[Black "Harshita Guddanti"]
[Result "1-0"]
[ECO "A45"]
[WhiteElo "2358"]
[BlackElo "2123"]
[Annotator "ChessBase"]
[PlyCount "79"]
[EventDate "2019.10.15"]
[EventType "swiss"]
[EventCountry "IND"]
[SourceTitle "playchess.com"]
[Source "ChessBase"]
[SourceQuality "1"]
[TimeControl "40/5400+30:1800+30"]

1. d4 Nf6 2. Bg5 d5 3. e3 c5 4. Bxf6 gxf6 5. Nc3 e6 6. Qh5 cxd4 7. exd4 Nc6 8. Nf3 Qb6 9. Bb5 Bb4 10. O-O Bd7 11. Bxc6 Qxc6 12. a3 Be7 13. Rfe1 Qd6 14. a4 a6 15. Re3 O-O-O 16. Qxf7 Rdf8 17. Qh5 Rfg8 18. Ne2 Rg6 19. g3 Kb8 20. Kh1 Be8 21. Qh3 Bd7 22. Qf1 h5 23. Nf4 Rg4 24. Ng2 h4 25. Ngxh4 Rg7 26. Ng2 Rgh7 27. h4 e5 28. dxe5 fxe5 29. Nxe5 Bh3 30. Qe2 Bg5 31. Nf7 Rxf7 32. Re8+ Rxe8 33. Qxe8+ Ka7 34. Qxf7 Bf6 35. Kh2 Bf5 36. c3 Be4 37. Rd1 Qb6 38. Rd2 d4 39. cxd4 Bxd4 40. Qf4 1-0

[Event "WJCC U20 Girls 2019"]
[Site "New Delhi"]
[Date "2019.10.17"]
[Round "3.13"]
[White "Solozhenkina, Elizaveta"]
[Black "Ferkova, Dominika"]
[Result "1-0"]
[ECO "B12"]
[WhiteElo "2283"]
[BlackElo "2096"]
[Annotator "ChessBase"]
[PlyCount "47"]
[EventDate "2019.10.15"]
[EventType "swiss"]
[EventCountry "IND"]
[SourceTitle "playchess.com"]
[Source "ChessBase"]
[SourceQuality "1"]
[TimeControl "40/5400+30:1800+30"]

1. e4 c6 2. d4 d5 3. e5 Bf5 4. Nf3 e6 5. Be2 c5 6. Be3 Nc6 7. dxc5 Qc7 8. Na3 a6 9. c3 Nge7 10. Qa4 Rc8 11. b4 Ng6 12. Nd4 Qxe5 13. O-O Be7 14. Bxa6 O-O 15. Bxb7 Nxd4 16. cxd4 Qe4 17. Rfe1 Rb8 18. Bc6 Bd8 19. Nb5 Rxb5 20. Bxb5 Bc7 21. Bf1 Qh4 22. g3 Qh5 23. Qd1 Bg4 24. Be2 1-0

[Event "WJCC U20 Girls 2019"]
[Site "New Delhi"]
[Date "2019.10.17"]
[Round "3.14"]
[White "Tsotsonava, Elene"]
[Black "Vantika Agrawal"]
[Result "*"]
[ECO "B96"]
[WhiteElo "1905"]
[BlackElo "2283"]
[Annotator "ChessBase"]
[PlyCount "29"]
[EventDate "2019.10.15"]
[EventType "swiss"]
[EventCountry "IND"]
[SourceTitle "playchess.com"]
[Source "ChessBase"]
[SourceQuality "1"]
[TimeControl "40/5400+30:1800+30"]

1. e4 c5 2. Nf3 d6 3. d4 cxd4 4. Nxd4 Nf6 5. Nc3 a6 6. Bg5 e6 7. f4 h6 8. Bh4 Qb6 9. Qd2 Qxb2 10. Rb1 Qa3 11. f5 Be7 12. fxe6 Bxe6 13. Rb2 b6 14. Rxb6 Nbd7 15. Rb7 *

[Event "WJCC U20 Girls 2019"]
[Site "New Delhi"]
[Date "2019.10.17"]
[Round "3.14"]
[White "Tsotsonava, Elene"]
[Black "Vantika Agrawal"]
[Result "0-1"]
[ECO "B96"]
[WhiteElo "1905"]
[BlackElo "2283"]
[Annotator "ChessBase"]
[PlyCount "68"]
[EventDate "2019.10.15"]
[EventType "swiss"]
[EventCountry "IND"]
[SourceTitle "playchess.com"]
[Source "ChessBase"]
[SourceQuality "1"]
[TimeControl "40/5400+30:1800+30"]

1. e4 c5 2. Nf3 d6 3. d4 cxd4 4. Nxd4 Nf6 5. Nc3 a6 6. Bg5 e6 7. f4 h6 8. Bh4 Qb6 9. Qd2 Qxb2 10. Rb1 Qa3 11. f5 Be7 12. fxe6 Bxe6 13. Rxb7 Nbd7 14. Nxe6 fxe6 15. Bc4 Nc5 16. Rc7 Kd8 17. Bxf6 gxf6 18. Rc6 Qb4 19. Qd4 e5 20. Rxd6+ Kc7 21. Qd2 Qxc4 22. Nd5+ Kxd6 23. Ne3+ Nd3+ 24. cxd3 Qc5 25. Ke2 Rac8 26. Nc4+ Ke6 27. Rb1 Qd4 28. Qa5 Rhd8 29. Qxa6+ Kf7 30. Ne3 Ra8 31. Qb7 Qxd3+ 32. Kf3 Rxa2 33. Rb3 Qe2+ 34. Kg3 Rg8+ 0-1